 Dungeon Crawl Stone Soup version 0.31-a0-968-g24f9ace8b5 (webtiles) character file.

Game seed: 15648783725660575229

12532 AIAndy the Mimic (level 11, -2/71 HPs)
             Began as an Octopode Shapeshifter on Oct 27, 2023.
             Was a High Priest of Nemelex Xobeh.
             Shot with an arrow by a centaur (11 damage)
             ... led by a centaur warrior
             ... on level 13 of the Dungeon.
             The game lasted 00:49:13 (11902 turns).

AIAndy the Mimic (Octopode Shapeshifter)           Turns: 11902, Time: 00:49:13

Health: -2/71      AC:  2    Str: 18    XL:     11   Next: 94%
Magic:  0/18       EV: 14    Int: 15    God:    Nemelex Xobeh [*****.]
Gold:   431        SH:  0    Dex: 12    Spells: 8/10 levels left

rFire   . .          .
                       - Unarmed
rCold   + . .        (shield currently unavailable)
rNeg    + + .        p - +1 hat {Int+3}
rPois   .            G - amulet of guardian spirit
rElec   .            N - ring of positive energy
rCorr   +            F - ring of protection from fire
SInv    .            R - ring of resist corrosion
Will    .....        n - ring of positive energy
Stlth   ++           C - ring of ice
HPRegen 0.31/turn    (no ring)
MPRegen 0.16/turn    (no ring)
                     (no ring)

%: guardian spirit
@: blade tentacles
A: almost no armour, amphibious, 8 rings, camouflage 1, gelatinous body 1,
(nimble swimmer 1), tentacles
a: Begin Untransformation, Renounce Religion, Draw Escape, Draw Destruction,
Draw Summoning, Triple Draw, Deal Four, Stack Five


You were on level 13 of the Dungeon.
You worshipped Nemelex Xobeh.
Nemelex Xobeh was extremely pleased with you.
You had blades for main tentacles.
You visited 1 branch of the dungeon, and saw 12 of its levels.

You collected 431 gold pieces.


Innate Abilities, Weirdness & Mutations

You have blades for main tentacles.
You are incapable of wielding weapons or throwing items.
You cannot wear most types of armour.
You are amphibious.
You can wear up to eight rings at the same time.
Your skin changes colour to match your surroundings (Stealth+).
Your rubbery body absorbs attacks. (AC +1, EV +1)
((You are camouflaged when in or above water. (Stealth+)))
You have tentacles for arms and can constrict up to eight enemies at once.


   Skills:
 - Level 5.0 Fighting
 - Level 4.1 Dodging
 + Level 10.5 Unarmed Combat
 + Level 10.5 Invocations
 * Level 10.7 Shapeshifting


You had 8 spell levels left.
You knew the following spells:

 Your Spells              Type           Power      Damage    Failure   Level
I - Blink                 Tloc           0%         N/A       38%         2

Your spell library contained the following spells:

 Spells                   Type           Power      Damage    Failure   Level
 Apportation              Tloc           0%         N/A       26%         1
 Necrotise                Necr           0%         1d4       26%         1
 Shock                    Conj/Air       0%         1d3       26%         1
 Sting                    Tmut/Pois      0%         1d3       26%         1
 Summon Small Mammal      Summ           0%         N/A       26%         1
 Ensorcelled Hibernation  Hex/Ice        0%         N/A       38%         2
 Passwall                 Tmut/Erth      0%         N/A       38%         2
 Poisonous Vapours        Pois/Air       0%         N/A       38%         2
 Call Canine Familiar     Summ           0%         N/A       63%         3
 Sigil of Binding         Hex            0%         N/A       63%         3
 Swiftness                Air            0%         N/A       63%         3
 Airstrike                Air            0%         2d(0-16)  95%         4
 Dimensional Bullseye     Hex/Tloc       0%         N/A       95%         4
 Leda's Liquefaction      Hex/Erth       0%         N/A       95%         4
 Manifold Assault         Tloc           0%         N/A       95%         4
 Olgreb's Toxic Radiance  Pois           0%         N/A       95%         4

Inventory:

Hand Weapons
 h - a +5 mace of protection
 y - the +3 battleaxe of the Spectre {spect, rN+ Dex-4 SInv}
   (You found it on level 10 of the Dungeon)

   Dex-4:     It affects your dexterity (-4).
   rN+:       It protects you from negative energy.
   SInv:      It lets you see invisible.
Missiles
 K - a throwing net {=f}
Armour
 p - a +1 hat of intelligence (worn)
 v - a +2 buckler
 H - an orb of guile
Magical Staves
 u - a staff of cold
Jewellery
 m - an amulet of magic regeneration
 n - a ring of positive energy (on tentacle)
 C - a ring of ice (on tentacle)
 F - a ring of protection from fire (right blade tentacle)
 G - an amulet of guardian spirit (around mantle)
 N - a ring of positive energy (left blade tentacle)
 R - a ring of resist corrosion (on tentacle)
Talismans
 b - a beast talisman
 c - a flux talisman
 A - a blade talisman (active)
Wands
 r - a wand of acid (5)
 x - a wand of polymorph (11)
Scrolls
 g - 2 scrolls of poison {!r}
 l - 6 scrolls of teleportation {@r4}
 o - a scroll of brand weapon {unknown}
 q - 2 scrolls of amnesia {unknown}
 s - 2 scrolls of enchant weapon
 w - a scroll of enchant armour {unknown}
 B - a scroll of silence {unknown}
 I - a scroll of butterflies {unknown}
 J - a scroll of identify {@r1}
 L - a scroll of blinking
Potions
 a - 2 potions of lignification {!q}
 d - 5 potions of curing {@q1}
 e - 2 potions of haste {@q3}
 f - 3 potions of enlightenment
 i - a potion of ambrosia
 j - 2 potions of resistance
 k - a potion of invisibility
 t - a potion of magic
 z - a potion of might {unknown}
 D - 2 potions of brilliance {unknown}
 E - a potion of mutation {unknown}
 M - 4 potions of heal wounds {@q2}

Dungeon Overview and Level Annotations

Branches:
Dungeon (11/15)            Temple (0/1) D:7            Lair (0/5) D:11
    Orc: D:9-12

Altars:
Ashenzari
Cheibriados
Dithmenos
Hepliaklqana
Nemelex Xobeh
Okawaru
Qazlal
Ru
Sif Muna
Uskayaw
Vehumet
Xom
Yredelemnul
Zin
The Shining One

Shops:
D:8 *   D:9 =?[   D:10 *

Annotations:
D:11 Psyche

#...#.# #########
###.#.###.......#
#.#...'.......#
#.#..##.......#
#.#............ ####
#.#............ .....
#.#............
....c.#3#.....####..#
..cc.c.@#..###. .#
....c..R...# .. #
....c......# .
#####......# ##
###....# ###... #.#.
.###


You could see a centaur warrior, a sixfirhy (summoned, ally target), 5 centaurs
and a friendly rakshasa (summoned).


Message History

You start resting.
Magic restored.
HP restored. 3 centaurs come into view.
The centaur shouts!
You hear a shout!
A centaur comes into view. x2
The centaur moves out of view.
A centaur warrior comes into view.
Use which ability? (? or * to list)
Okay, then.
Use which ability? (? or * to list)
You draw a card...
You have drawn the Pentagram.
The sixfirhy attacks as it pursues you! The sixfirhy hits you!
The sixfirhy shocks you! The sixfirhy hits you. The sixfirhy shocks you!
The centaur wields a +0 orcbow.
The centaur shoots an arrow.
The arrow barely misses you.
The centaur wields a +0 orcbow.
The centaur shoots an arrow.
The arrow misses you. The sixfirhy hits you. The sixfirhy shocks you!
* * * LOW HITPOINT WARNING * * *
The centaur wields a +0 orcbow.
The centaur shoots an arrow.
The arrow hits you!
* * * LOW HITPOINT WARNING * * *
The sixfirhy hits you.
* * * LOW HITPOINT WARNING * * *
The sixfirhy shocks you!
* * * LOW HITPOINT WARNING * * *
The centaur shoots an arrow.
The arrow closely misses you.
The centaur shoots an arrow.
The arrow hits you!
You die...
Your body glows with a rainbow of weird colours and disappears.

Skill      XL: |  1  2  3  4  5  6  7  8  9 10 11 |
---------------+----------------------------------+-----
Invocations    | 1 2 3 4 5 7 9 10 | 10.5
Unarmed Combat | 4 5 6 8 9 10 | 10.5
Shapeshifting  | 4 5 6 7 8 10 | 10.7
Fighting       | 2 4 5 |  5.0
Dodging        | 3 4 |  4.1

Action                     |  1- 3 |  4- 6 |  7- 9 | 10-12 || total
---------------------------+-------+-------+-------+-------++-------
  Melee: Unarmed           |    61 |    72 |   176 |   231 ||   540
         Constrict         |    14 |    16 |    43 |    29 ||   102
         Tentacles         |    12 |     9 |    50 |    51 ||   122
         Punch             |     4 |       |    11 |    19 ||    34
 Invoke: Draw Destruction  |       |     5 |    15 |    15 ||    35
         Draw Summoning    |       |     4 |     3 |     6 ||    13
         Draw Escape       |       |       |     2 |       ||     2
         Triple Draw       |       |       |     2 |       ||     2
    Use: Potion            |       |       |     2 |     1 ||     3
         Scroll            |       |       |     1 |    12 ||    13
   Stab: Sleeping          |     8 |    10 |     2 |     2 ||    22
         Distracted        |       |       |     1 |       ||     1
         Paralysed         |       |       |     1 |       ||     1
 Armour: Skin              |    18 |    25 |   107 |   145 ||   295
  Dodge: Dodged            |    27 |    33 |   125 |   149 ||   334
   Form: Blade             |       |       |       |     1 ||     1

Levels and vault maps discovered:
D:1:      beargit_arrival_diablo_church, layout_basic,
          shapermc_ecumenical_altar_hornbeckon
D:2:      layout_loops_ring, kennysheep_generic_room_14
D:3:      layout_loops_ring, mainiacjoe_overflow_catch_the_wave
D:4:      layout_loops_cross, mainiacjoe_overflow_alcove_1,
          gammafunk_temple_overflow_elements, biasface_ghost_orc_armoury,
          chequers_hall_statues_y, grunt_decor_mini_mirrors
D:5:      layout_cave_pools, nicolae_ru_great_annihilating_truth,
          lemuel_doored_altar, serial_rivers, chequers_serial_rivers_small_a,
          chequers_serial_rivers_micro_b, chequers_serial_rivers_micro_a,
          chequers_serial_rivers_room_b, chequers_serial_rivers_micro_e,
          uniq_grinder
D:6:      layout_loops_corners, nicolae_ashenzari_panopticon,
          mainiacjoe_overflow_concentric_impassable,
          chequers_temple_overflow_statue_of_worship, xom_confusion_cloud
D:7:      layout_basic, led_sif_pool, minmay_temple_entry_large_hall,
          water_maze_lemuel
D:8:      layout_cave_pools, lemuel_tele_altar, serial_shops,
          nicolae_shop_waterfront, uniq_jeremiah
D:9:      layout_basic, serial_shops, shop_fountains, nicolae_shop_crystal, shop
D:10:     layout_loops_ring, serial_shops, shop, kennysheep_dice, uniq_grum
D:11:     layout_gridville, grunt_lair_entry_orc_guard_hut, minivault_4,
          uniq_psyche
D:13:     cross_vault, layout_basic, ximxim_vaults_locker_room, serial_shops,
          shop, uniq_josephine

Notes
Turn   | Place    | Note
-------+----------+-------------------------------------------
     0 | D:1      | AIAndy the Octopode Shapeshifter began the quest for the
                  | Orb.
     0 | D:1      | Reached XP level 1. HP: 13/13 MP: 1/1
   235 | D:1      | Reached XP level 2. HP: 18/18 MP: 2/2
   555 | D:1      | Reached XP level 3. HP: 21/23 MP: 3/3
   574 | D:1      | Found a faded altar of an unknown god.
   624 | D:1      | Prayed at the altar of an unknown god.
   624 | D:1      | Became a worshipper of Nemelex Xobeh the Trickster
   624 | D:1      | Reached * piety under Nemelex Xobeh
   906 | D:2      | Reached skill level 1 in Invocations
  1039 | D:2      | Reached XP level 4. HP: 28/28 MP: 4/4
  1100 | D:2      | Received a gift from Nemelex Xobeh
  1119 | D:2      | Reached skill level 4 in Unarmed Combat
  1215 | D:2      | Reached ** piety under Nemelex Xobeh
  1696 | D:3      | Received a gift from Nemelex Xobeh
  1715 | D:3      | Found a radiant altar of Vehumet.
  1773 | D:3      | Found a sparkling altar of Nemelex Xobeh.
  1853 | D:3      | Reached skill level 2 in Invocations
  1853 | D:3      | Reached skill level 4 in Shapeshifting
  1853 | D:3      | Reached XP level 5. HP: 14/33 MP: 2/6
  2368 | D:4      | Found a runed translucent gate.
  2369 | D:4      | Found a runed translucent gate.
  2370 | D:4      | Found a runed translucent gate.
  2373 | D:4      | Noticed Heedrag's ghost (amateur GrEE)
  2389 | D:4      | Found a hide-covered altar of Uskayaw.
  2389 | D:4      | Found a basalt altar of Yredelemnul.
  2689 | D:4      | Received a gift from Nemelex Xobeh
  2858 | D:4      | Found a stormy altar of Qazlal.
  2860 | D:4      | Reached *** piety under Nemelex Xobeh
  3079 | D:4      | Identified the +0 chain mail "Qegyer" {Regen+ Int+3}
  3271 | D:4      | Identified the +0 hand axe "Keutanel" {speed, rElec rPois
                  | Stlth+}
  3272 | D:4      | Reached XP level 6. HP: 23/38 MP: 4/8
  3276 | D:4      | Killed Heedrag's ghost
  3277 | D:4      | Reached skill level 5 in Unarmed Combat
  3277 | D:4      | Reached skill level 3 in Invocations
  3290 | D:4      | Reached XP level 7. HP: 20/43 MP: 5/9
  3393 | D:5      | Entered Level 5 of the Dungeon
  3549 | D:5      | Noticed Grinder
  3550 | D:5      | Paralysed by Grinder for 5 turns
  3554 | D:5      | HP: 2/43 [orc/+0 hand axe (5)]
  3560 | D:5      | HP: 4/43 [orc/+0 trident (4)]
  3572 | D:5      | Killed Grinder
  3573 | D:5      | Reached skill level 2 in Fighting
  3573 | D:5      | Reached skill level 4 in Invocations
  3573 | D:5      | Reached skill level 5 in Shapeshifting
  3723 | D:5      | Reached XP level 8. HP: 43/51 MP: 9/11
  3755 | D:5      | Reached skill level 6 in Unarmed Combat
  3811 | D:5      | Reached skill level 3 in Fighting
  3811 | D:5      | Reached skill level 5 in Invocations
  4240 | D:5      | Received a gift from Nemelex Xobeh
  4450 | D:5      | Found a sacrificial altar of Ru.
  4541 | D:5      | Found a shadowy altar of Dithmenos.
  4607 | D:6      | Found a hazy altar of Hepliaklqana.
  4611 | D:6      | Found a snail-covered altar of Cheibriados.
  4611 | D:6      | Found a glowing silver altar of Zin.
  4658 | D:6      | Reached skill level 6 in Shapeshifting
  4667 | D:6      | Reached skill level 4 in Fighting
  4788 | D:6      | Found a broken altar of Ashenzari.
  4791 | D:6      | Reached skill level 3 in Dodging
  4791 | D:6      | Reached XP level 9. HP: 49/58 MP: 10/13
  4883 | D:6      | Received a gift from Nemelex Xobeh
  4885 | D:6      | Reached skill level 6 in Invocations
  5006 | D:6      | Found a glowing golden altar of the Shining One.
  5031 | D:6      | Reached skill level 7 in Unarmed Combat
  5240 | D:6      | Reached skill level 4 in Dodging
  5487 | D:6      | Reached skill level 5 in Fighting
  5775 | D:6      | Received a gift from Nemelex Xobeh
  5815 | D:6      | Found a shimmering altar of Xom.
  6301 | D:7      | Found a staircase to the Ecumenical Temple.
  6394 | D:7      | Reached skill level 7 in Invocations
  6394 | D:7      | Reached skill level 7 in Shapeshifting
  6522 | D:7      | Reached **** piety under Nemelex Xobeh
  6598 | D:7      | Received a gift from Nemelex Xobeh
  6676 | D:7      | Reached skill level 8 in Unarmed Combat
  6676 | D:7      | Reached XP level 10. HP: 17/62 MP: 4/15
  7139 | D:7      | Reached skill level 8 in Invocations
  7217 | D:7      | Found a shimmering blue altar of Sif Muna.
  8153 | D:8      | Found an iron altar of Okawaru.
  8354 | D:8      | Noticed Jeremiah
  8363 | D:8      | Killed Jeremiah
  8375 | D:8      | Received a gift from Nemelex Xobeh
  8561 | D:8      | Found Veza's General Store.
  8585 | D:9      | Identified 2 potions of resistance
  8589 | D:9      | Identified a scroll of acquirement
  8589 | D:9      | Acquired a +1 hat of intelligence
  8625 | D:9      | Found Guonaj's Jewellery Shop.
  8644 | D:9      | Reached skill level 8 in Shapeshifting
  8716 | D:9      | Reached skill level 9 in Unarmed Combat
  8734 | D:9      | Reached skill level 9 in Invocations
  8980 | D:9      | Learned a level 2 spell: Blink
  9182 | D:9      | Reached XP level 11. HP: 35/71 MP: 9/17
  9190 | D:9      | Reached skill level 9 in Shapeshifting
  9356 | D:9      | Found Useir's Magic Scroll Boutique.
  9356 | D:9      | Received a gift from Nemelex Xobeh
  9461 | D:9      | Found Fexiodeesh's Antique Armour Shop.
  9726 | D:10     | Entered Level 10 of the Dungeon
  9765 | D:10     | a yak changed into an entropy weaver
  9765 | D:10     | Noticed an entropy weaver
  9766 | D:10     | an entropy weaver changed into a scorpion
  9999 | D:10     | Found Cuarymm's Assorted Antiques.
 10104 | D:10     | Noticed Grum
 10124 | D:10     | Killed Grum
 10363 | D:10     | Identified the +3 battleaxe of the Spectre {spect, rN+
                  | Dex-4 SInv}
 10851 | D:11     | Noticed a two-headed ogre
 10851 | D:11     | Received a gift from Nemelex Xobeh
 10854 | D:11     | a two-headed ogre changed into a shock serpent
 10854 | D:11     | Noticed a shock serpent
 10855 | D:11     | a shock serpent changed into a human
 11061 | D:11     | Reached skill level 10 in Unarmed Combat
 11113 | D:11     | Reached ***** piety under Nemelex Xobeh
 11193 | D:11     | Noticed a white ugly thing
 11233 | D:11     | Reached skill level 10 in Invocations
 11233 | D:11     | Reached skill level 10 in Shapeshifting
 11278 | D:11     | Noticed Psyche
 11435 | D:11     | Killed a white ugly thing
 11643 | D:11     | Found a staircase to the Lair.
 11690 | D:11     | You fall into a shaft and drop 2 floors!
 11716 | D:13     | Noticed a seven-headed hydra
 11731 | D:13     | Killed a seven-headed hydra
 11901 | D:13     | Noticed a centaur warrior
 11901 | D:13     | Noticed a sixfirhy
 11902 | D:13     | Shot with an arrow by a centaur

Vanquished Creatures
  A hydra (D:13)
  An ugly thing (D:11)
  A guardian serpent (shapeshifter) (D:13)
  Jeremiah (D:8)
  A troll (D:10)
  A blink frog (D:11)
  Grinder (D:5)
  3 shadows
  17 yaks
  A hog (D:10)
  A golden eye (D:10)
  A fire bat (D:6)
  4 steam dragons
  A human (D:11)
  An acid dragon (D:8)
  4 water moccasins
  A swamp drake (D:5)
  2 orc warriors
  4 ice beasts
  An ogre (D:6)
  A sky beast (D:10)
  4 black bears
  2 wolves
  3 centaurs
  5 bullfrogs
  2 gnoll sergeants
  4 scorpions
  13 wights
  A ballistomycete (D:5)
  A killer bee (D:10)
  2 electric eels (D:7)
  2 howler monkeys
  4 hounds
  8 orc priests
  A gnoll bouda (D:8)
  12 orc wizards
  2 sleepcaps
  4 iguanas
  9 adders
  14 gnolls
  A river rat (D:10)
  A shadow imp (D:7)
  3 worms
  A dart slug (D:2)
  33 orcs
  12 endoplasms
  6 giant cockroaches
  6 goblins
  10 hobgoblins
  2 quokkas
  8 ball pythons
  7 bats
  7 frilled lizards
  3 kobolds
  7 rats
249 creatures vanquished.

Vanquished Creatures (collateral kills)
  An efreet (D:11)
  A troll (D:11)
  The ghost of Heedrag the Digger, an amateur GrEE (D:4)
  A wyvern (D:11)
  Grum (D:10)
  An ice beast (D:6)
  A centaur (D:7)
  2 wolves (D:10)
  A kobold brigand (D:10)
  2 wights (D:7)
  2 orc priests (D:4)
  2 orc wizards (D:8)
  An adder (D:6)
  5 orcs
  7 kobolds (D:10)
29 creatures vanquished.

Vanquished Creatures (others)
  An orc wizard (D:9)
  An adder (D:6)
  A river rat (D:11)
  An orc (D:8)
4 creatures vanquished.

Grand Total: 282 creatures vanquished

Table legend: (Time is in decaauts)
 A = Elapsed time spent in this place.
 B = Non-inter-level travel time spent in this place.
 C = Inter-level travel time spent in this place.
 D = Time resting spent in this place.
 E = Time spent auto-exploring this place.
 F = Levels seen in this place.
 G = Mean time per level.
                   A        B        C        D        E       F      G
               +--------+--------+--------+--------+--------+-----+--------+
         Total |  11834 |  11434 |    400 |   1659 |   7878 |  12 |  986.2 |
       Dungeon |  11834 |  11434 |    400 |   1659 |   7878 |  12 |  986.2 |
               +--------+--------+--------+--------+--------+-----+--------+

Top non-repeatable levels by time:
     D:4: 1588 daAuts
     D:7: 1570 daAuts
     D:6: 1526 daAuts
    D:10: 1308 daAuts
     D:9: 1108 daAuts
     D:5: 837 daAuts
     D:2: 812 daAuts
     D:8: 765 daAuts
     D:1: 746 daAuts
     D:3: 720 daAuts
    D:11: 638 daAuts
    D:13: 209 daAuts

Table legend:
 A = Non-vault XP
 B = Vault XP
 C = Vault XP percentage of total XP
 D = Non-vault monster count
 E = Vault monster count
 F = Vault count percentage of total count
                 A         B        C        D         E       F
            +---------+---------+-------+---------+---------+-------
      Total |   14841 |    3063 |  17.1 |     244 |      37 |  13.2
            +---------+---------+-------+---------+---------+-------
        D:1 |      35 |       0 |   0.0 |      22 |       0 |   0.0
        D:2 |      84 |       4 |   4.5 |      21 |       1 |   4.5
        D:3 |      95 |       0 |   0.0 |      18 |       0 |   0.0
        D:4 |      97 |     321 |  76.8 |      11 |      10 |  47.6
        D:5 |     941 |     299 |  24.1 |      24 |       5 |  17.2
        D:6 |    1681 |     436 |  20.6 |      26 |       8 |  23.5
        D:7 |    1458 |       0 |   0.0 |      25 |       0 |   0.0
        D:8 |    1341 |     394 |  22.7 |      25 |       1 |   3.8
        D:9 |    3055 |       0 |   0.0 |      28 |       0 |   0.0
       D:10 |    1475 |     730 |  33.1 |      28 |       5 |  15.2
       D:11 |    3213 |     879 |  21.5 |      14 |       7 |  33.3
       D:13 |    1366 |       0 |   0.0 |       2 |       0 |   0.0
            +---------+---------+-------+---------+---------+-------
